 Dungeon Crawl Stone Soup version 0.27-a0-1312-g5cdb2b3542 (webtiles) character file.

Game seed: 8380565688278164426

578 hilljack the Archer (level 7, 0/56 HPs)
             Began as a Minotaur Hunter on June 20, 2021.
             Slain by Blork the orc (2 damage)
             ... on level 4 of the Dungeon.
             The game lasted 00:06:42 (4455 turns).

hilljack the Archer (Minotaur Hunter)               Turns: 4455, Time: 00:06:42

Health: 0/56       AC:  7    Str: 14 (16) XL:     7   Next: 13%
Magic:  6/6        EV: 10    Int:  6 (8)  God:
Gold:   326        SH:  0    Dex: 11 (13) Spells: 6/6 levels left

rFire    . . .     SeeInvis .   b - +0 quarterstaff
rCold    . . .     Faith    .   (shield currently unavailable)
rNeg     . . .     Spirit   .   e - +0 ring mail
rPois    .         Reflect  .   (helmet restricted)
rElec    .         Harm     .   (no cloak)
rCorr    +         Rampage  .   l - +1 pair of gloves
Will     .....                  (no boots)
Stlth    +.........             (no amulet)
HPRegen  0.18/turn              f - ring of resist corrosion
MPRegen  0.10/turn              (no ring)

@: no status effects
A: horns 2, retaliatory headbutt
a: no special abilities


You were on level 4 of the Dungeon.
You visited 1 branch of the dungeon, and saw 4 of its levels.

You collected 326 gold pieces.

Inventory:

Hand Weapons
 a - a +1 shortbow
 b - a +0 quarterstaff (weapon)
 c - a +0 short sword
 g - a +2 antimagic hand axe
 h - a +0 vampiric dagger
 i - a +0 whip of electrocution
Missiles
 d - 30 arrows
 q - 11 bolts
Armour
 e - a +0 ring mail (worn)
 l - a +1 pair of gloves (worn)
Jewellery
 f - a ring of resist corrosion (left hand)
Wands
 m - a wand of polymorph (6)
 p - a wand of charming (11)
Scrolls
 j - a scroll of identify
 k - a scroll of vulnerability
 n - a scroll of brand weapon
 o - a scroll of noise


   Skills:
 - Level 2.4 Fighting
 + Level 9.5 Bows
 - Level 2.1 Dodging
 - Level 0.7 Stealth


You had 6 spell levels left.
You didn't know any spells.
Your spell library was empty.

Dungeon Overview and Level Annotations

Branches:
Dungeon (4/15)
 Temple: D:4-7

Altars:
Sif Muna
Beogh

Annotations:
D:4 Blork the orc


Innate Abilities, Weirdness & Mutations

You have a pair of horns on your head.
You reflexively headbutt those who attack you in melee.


Message History

Blork the orc is moderately wounded.
Blork the orc gestures at you while chanting.
The magic dart hits you. Blork the orc closely misses you.
You hit Blork the orc.
Blork the orc is moderately wounded.
Blork the orc barely misses you.
Blork the orc hits you with a +2 hand axe of freezing!
Blork the orc freezes you.
You hit Blork the orc but do no damage.
Blork the orc is moderately wounded.
Blork the orc hits you with a +2 hand axe of freezing.
* * * LOW HITPOINT WARNING * * *
Blork the orc freezes you.
* * * LOW HITPOINT WARNING * * *
Blork the orc hits you with a +2 hand axe of freezing.
* * * LOW HITPOINT WARNING * * *
Blork the orc freezes you.
* * * LOW HITPOINT WARNING * * *
You sock Blork the orc!
Blork the orc is heavily wounded.
Blork the orc screams, "Die!"
Blork the orc closely misses you.
Blork the orc gestures at you while chanting.
The magic dart hits you.
* * * LOW HITPOINT WARNING * * *
You hit Blork the orc but do no damage. You headbutt Blork the orc!
Blork the orc is almost dead.
Blork the orc barely misses you. Blork the orc misses you.
You furiously retaliate!
You headbutt Blork the orc. You hit Blork the orc but do no damage.
Blork the orc is almost dead.
Blork the orc hits you with a +2 hand axe of freezing.
* * * LOW HITPOINT WARNING * * *
Blork the orc freezes you.
* * * LOW HITPOINT WARNING * * *
Blork the orc hits you but does no damage.
You barely miss Blork the orc.
Blork the orc is almost dead.
Blork the orc hits you with a +2 hand axe of freezing.
You die...

...............^#..........
....#######.....#..........
....#.....#.....#..........
....#.....#.....#..........
....#.._..'.....#..........
##..#.....#.....#..........
##.#.....#................
#.#######......#.........
#.(.(lro@......#.........
#############.##.........
..##8####.8..
#.######...##. #. #......#.
#. #.#...... #.....#..
#....###. 8.### .


You could see Blork the orc (fast), an iguana and a quokka.

Vanquished Creatures
  A sky beast (D:3)
  An ogre (D:4)
  A centaur (D:4)
  A hound (D:4)
  An orc priest (D:3)
  A centaur skeleton (D:4)
  A gnoll shaman (D:4)
  An iguana (D:3)
  A hound skeleton (D:3)
  6 adders
  A white imp (D:3)
  An ufetubus (D:4)
  2 worms (D:3)
  8 orcs (D:3)
  9 endoplasms
  4 giant cockroaches
  5 goblins
  6 hobgoblins
  10 jackals
  6 quokkas
  4 ball pythons
  3 bats (D:2)
  3 frilled lizards
  13 kobolds
  2 rats (D:2)
92 creatures vanquished.

Notes
Turn   | Place    | Note
-------+----------+-------------------------------------------
     0 | D:1      | hilljack the Minotaur Hunter began the quest for the Orb.
     0 | D:1      | Reached XP level 1. HP: 18/18 MP: 0/0
    96 | D:1      | Reached XP level 2. HP: 19/25 MP: 1/1
    97 | D:1      | Reached skill level 5 in Bows
   636 | D:1      | Reached XP level 3. HP: 30/30 MP: 2/2
   949 | D:1      | Found a faded altar of an unknown god.
  1540 | D:2      | Reached skill level 6 in Bows
  1939 | D:2      | Reached XP level 4. HP: 37/37 MP: 3/3
  2977 | D:3      | Reached skill level 7 in Bows
  2977 | D:3      | Reached XP level 5. HP: 32/42 MP: 4/4
  3402 | D:4      | Noticed an ogre
  3408 | D:4      | Killed an ogre
  3409 | D:4      | Noticed a centaur
  3415 | D:4      | Killed a centaur
  3416 | D:4      | Reached skill level 8 in Bows
  3416 | D:4      | Reached XP level 6. HP: 9/50 MP: 5/5
  3686 | D:4      | Noticed a sky beast
  3731 | D:3      | Killed a sky beast
  3732 | D:3      | Reached skill level 9 in Bows
  3732 | D:3      | Reached XP level 7. HP: 7/56 MP: 6/6
  4404 | D:4      | Found a shimmering blue altar of Sif Muna.
  4411 | D:4      | Noticed Blork the orc
  4454 | D:4      | HP: 2/56 [Blork the orc (1)]
  4455 | D:4      | Slain by Blork the orc

Illustrated notes

Levels and vault maps discovered:
D:1:      scummos_arrival_forest, layout_basic,
          shapermc_ecumenical_altar_mp_vishouse
D:2:      layout_basic
D:3:      layout_rooms, serial_undead, serial_undead_f, serial_undead_b,
          serial_undead_b, serial_undead_c, roderic_lattice_a,
          kennysheep_orc_chapel
D:4:      kb_forest_paths, layout_basic, amcnicky_altar_gilded, kennysheep_mini,
          lightli_ossuary_entry_decrepit_ruins, minmay_mini_jars,
          uniq_blork_the_orc

Skill      XL: |  1  2  3  4  5  6 |
---------------+-------------------+-----
Bows           | 5 6 7 8 9 |  9.5
Fighting       | |  2.4
Dodging        | |  2.1
Stealth        | |  0.7

Action                   |  1- 3 |  4- 6 |  7- 9 || total
-------------------------+-------+-------+-------++-------
Melee: Short sword       |    38 |       |       ||    38
       Headbutt          |    19 |    10 |     2 ||    31
       Quarterstaff      |    55 |    78 |    36 ||   169
 Fire: Shortbow          |    10 |    46 |     5 ||    61
  Use: Scroll            |     2 |     5 |       ||     7
       Potion            |       |     4 |       ||     4
Armor: Leather armour    |     1 |       |       ||     1
       Ring mail         |    38 |    55 |    16 ||   109
Dodge: Dodged            |    68 |    61 |    23 ||   152

Table legend: (Time is in decaauts)
 A = Elapsed time spent in this place.
 B = Non-inter-level travel time spent in this place.
 C = Inter-level travel time spent in this place.
 D = Time resting spent in this place.
 E = Time spent auto-exploring this place.
 F = Levels seen in this place.
 G = Mean time per level.
                   A        B        C        D        E       F      G
               +--------+--------+--------+--------+--------+-----+--------+
         Total |   4502 |   4349 |    153 |    930 |   2751 |   4 | 1125.5 |
       Dungeon |   4502 |   4349 |    153 |    930 |   2751 |   4 | 1125.5 |
               +--------+--------+--------+--------+--------+-----+--------+

Top non-repeatable levels by time:
     D:3: 1505 daAuts
     D:1: 1287 daAuts
     D:2: 1127 daAuts
     D:4: 582 daAuts
